 Dungeon Crawl Stone Soup version 0.31-a0-150-g89dc3ad700 (webtiles) character file.

Game seed: 5247670624259834898

142 qw the Shooter (level 5, -2/32 HPs)
             Began as a Gargoyle Hunter on June 8, 2023.
             Slain by a gnoll
             ... wielding a +0 flail
              (6 damage)
             ... on level 3 of the Dungeon.
             The game lasted 00:00:42 (1588 turns).

qw the Shooter (Gargoyle Hunter)                    Turns: 1588, Time: 00:00:43

Health: -2/32      AC: 12    Str: 14    XL:     5   Next: 24%
Magic:  5/5        EV: 10    Int: 10    God:
Gold:   71         SH:  0    Dex: 15    Spells: 4/4 levels left

rFire   . . .        Y - +0 shortbow
rCold   + . .        (shield currently unavailable)
rNeg    + . .        e - +2 ring mail {rC+}
rPois   inf          a - +0 helmet
rElec   +            (no cloak)
rCorr   .            (no gloves)
SInv    .            (no boots)
Will    .....        (no amulet)
Stlth   +            (no ring)
HPRegen 0.25/turn    (no ring)
MPRegen 0.09/turn

%: no passive effects
@: no status effects
A: sickness immunity, AC +4, negative energy resistance 1, electricity
resistance, torment resistance 1, petrification resistance
a: no special abilities


You were on level 3 of the Dungeon.
You visited 1 branch of the dungeon, and saw 3 of its levels.

You collected 121 gold pieces.
You spent 50 gold pieces at shops.


Innate Abilities, Weirdness & Mutations

You are immune to sickness and miasma.
Your stone body is resilient. (AC +4)
You are immune to poison.
You resist negative energy. (rN+)
You are resistant to electric shocks. (rElec)
You are resistant to unholy torment.
You are immune to petrification.


   Skills:
 - Level 3.0 Fighting
 + Level 5.9 Ranged Weapons
 - Level 1.0 Armour
 - Level 1.5 Dodging
 - Level 1.1 Stealth


You had 4 spell levels left.
You didn't know any spells.
Your spell library was empty.

Inventory:

Hand Weapons
 Y - a +0 shortbow (weapon)
Armour
 a - a +0 helmet (worn)
 e - a +2 ring mail of cold resistance (worn)
Scrolls
 b - a scroll of identify
 c - a scroll of enchant armour {unknown}
Potions
 f - 2 potions of curing
 h - a potion of might {unknown}

Dungeon Overview and Level Annotations

Branches:
Dungeon (3/15)

Altars:
Cheibriados
Elyvilon

Shops:
D:2 ?


Message History

You shoot an arrow.
The arrow hits the gnoll but does no damage.
The gnoll hits you from afar with a +0 spear.
You shoot an arrow. The arrow barely misses the gnoll.
The gnoll hits you from afar with a +0 spear!
1578 ||| READING scroll of teleportation.
As you read the scroll of teleportation, it crumbles to dust.
You feel strangely unstable. The gnoll hits you but does no damage.
You shoot an arrow. The arrow barely misses the gnoll.
The gnoll hits you but does no damage.
The gnoll hits you from afar with a +0 spear.
You shoot an arrow. The arrow closely misses the gnoll.
The gnoll hits you from afar with a +0 spear.
You shoot an arrow. The arrow hits the gnoll.
The gnoll is moderately wounded.
The gnoll hits you but does no damage.
You shoot an arrow. The arrow hits the gnoll!
The gnoll is almost dead.
Your surroundings suddenly seem different.
A rat and 3 gnolls come into view.
Found a steaming chain mail.
Found a stone staircase leading up.
You shoot an arrow. The arrow hits the rat!
You kill the rat!
The gnoll shouts!
You hear a bark!
A frilled lizard comes into view.
You shoot an arrow. The arrow completely misses the gnoll.
The frilled lizard hisses angrily.
You shoot an arrow. The arrow closely misses the gnoll.
A jackal comes into view.
You shoot an arrow. The arrow hits the gnoll!
The gnoll is severely wounded.
The gnoll completely misses you.
You shoot an arrow. The arrow hits the gnoll.
The gnoll is moderately wounded.
The gnoll hits you but does no damage.
You shoot an arrow. The arrow hits the gnoll.
You kill the gnoll!
The gnoll hits you with a +0 flail.
You die...

....# .<..#
....#
.#######....#
............#
............#
......g.....#
......g@...[#
....h.).....#
............#
.......l.......
.#.......#####.
#.......#
#.......#
#.......#


You could see 2 gnolls, a jackal and a frilled lizard.

Vanquished Creatures
  An orc priest (D:2)
  An orc wizard (D:2)
  An adder (D:2)
  4 gnolls (D:3)
  2 worms (D:2)
  A dart slug (D:3)
  2 orcs
  5 endoplasms
  A giant cockroach (D:1)
  4 goblins
  2 hobgoblins (D:1)
  2 kobolds
  3 quokkas
  2 ball pythons (D:1)
  4 bats (D:1)
  4 frilled lizards
  3 rats
42 creatures vanquished.

Notes
Turn   | Place    | Note
-------+----------+-------------------------------------------
     0 | D:1      | qw the Gargoyle Hunter began the quest for the Orb.
     0 | D:1      | Reached XP level 1. HP: 12/12 MP: 1/1
     0 | D:1      | 0 ||| qw: Version: 0.2-a-119-g7aa9181
     0 | D:1      | 0 ||| qw: Game counter: 2928
     0 | D:1      | 0 ||| qw: Always use a shield: true
     0 | D:1      | 0 ||| qw: God list: Okawaru
     0 | D:1      | 0 ||| qw: Allow faded altars: false
     0 | D:1      | 0 ||| qw: Do Orc after D:15 true
     0 | D:1      | 0 ||| qw: Do second Lair branch before Depths: true
     0 | D:1      | 0 ||| qw: Lair rune preference: random
     0 | D:1      | 0 ||| qw: Plans: Normal
     0 | D:1      | 0 ||| PLANNING D:1-11
   193 | D:1      | Reached XP level 2. HP: 17/17 MP: 2/2
   654 | D:1      | 654 ||| READING scroll labelled MUG XEIRIFAPUGH.
   655 | D:1      | 655 ||| READING scroll labelled LEODWO SAFFACRU.
   656 | D:1      | 656 ||| DRINKING 2 fuming green potions.
   657 | D:1      | 657 ||| DRINKING 3 pink potions.
   658 | D:1      | 658 ||| DROPPING scroll of butterflies.
   659 | D:1      | 659 ||| DROPPING potion of degeneration.
   701 | D:2      | Reached XP level 3. HP: 21/21 MP: 3/3
   789 | D:2      | Reached skill level 5 in Ranged Weapons
   853 | D:2      | 853 ||| Stepping ~*~*~tactically~*~*~ (outnumbered).
   854 | D:2      | 854 ||| FLEEEEING.
   855 | D:2      | 855 ||| FLEEEEING.
   860 | D:2      | Reached skill level 3 in Fighting
   865 | D:2      | Reached XP level 4. HP: 8/28 MP: 4/4
   865 | D:2      | 865 ||| FLEEEEING.
   866 | D:2      | 866 ||| FLEEEEING.
   867 | D:2      | 867 ||| FLEEEEING.
   868 | D:2      | 868 ||| FLEEEEING.
   869 | D:2      | 869 ||| FLEEEEING.
   870 | D:2      | 870 ||| FLEEEEING.
   871 | D:2      | 871 ||| FLEEEEING.
   872 | D:2      | 872 ||| FLEEEEING.
   876 | D:2      | 876 ||| FLEEEEING.
   877 | D:2      | 877 ||| FLEEEEING.
   878 | D:2      | 878 ||| FLEEEEING.
   879 | D:2      | 879 ||| FLEEEEING.
   880 | D:2      | 880 ||| FLEEEEING.
   881 | D:2      | 881 ||| FLEEEEING.
   882 | D:2      | 882 ||| FLEEEEING.
   883 | D:2      | 883 ||| FLEEEEING.
   884 | D:2      | 884 ||| FLEEEEING.
   885 | D:2      | 885 ||| FLEEEEING.
   886 | D:2      | 886 ||| FLEEEEING.
   887 | D:2      | 887 ||| FLEEEEING.
   888 | D:2      | 888 ||| STAIRDANCE
   946 | D:1      | 946 ||| UPGRADING to +0 helmet.
   957 | D:2      | 957 ||| STAIRDANCE
  1176 | D:2      | Found The Oracle's Delphic Readings.
  1180 | D:2      | 1180 ||| BUYING scroll of identify (20 gold).
  1180 | D:2      | Bought a scroll of identify for 20 gold pieces
  1180 | D:2      | 1180 ||| BUYING scroll of teleportation (30 gold).
  1180 | D:2      | Bought a scroll of teleportation for 30 gold pieces
  1294 | D:2      | Found a snail-covered altar of Cheibriados.
  1376 | D:2      | 1376 ||| UPGRADING to +2 ring mail of cold resistance.
  1386 | D:2      | 1386 ||| DROPPING +0 leather armour.
  1387 | D:2      | 1387 ||| READING 2 scrolls of identify.
  1387 | D:2      | 1387 ||| IDENTIFYING fizzy green potion
  1388 | D:2      | 1388 ||| DROPPING potion of lignification.
  1455 | D:3      | Found a white marble altar of Elyvilon.
  1561 | D:3      | Reached skill level 1 in Armour
  1561 | D:3      | Reached XP level 5. HP: 32/32 MP: 5/5
  1577 | D:3      | HP: 7/32 [gnoll/+0 spear (7)]
  1578 | D:3      | 1578 ||| READING scroll of teleportation.
  1580 | D:3      | HP: 2/32 [gnoll/+0 spear (4)]
  1588 | D:3      | Slain by a gnoll

Levels and vault maps discovered:
D:1:      minmay_arrival_arboretum_small, layout_basic,
          chequers_serial_rivers_micro_e
D:2:      layout_loops_cross, basic_altar, nicolae_nh_oracle_at_delphi
D:3:      layout_basic, elyvilon_altar_4, amethyst_overflow_temple_binary,
          minmay_statues_item

Skill      XL: |  1  2  3  4 |
---------------+-------------+-----
Ranged Weapons | 5 |  5.9
Fighting       | 3 |  3.0
Armour         | 1 |  1.0
Dodging        | |  1.5
Stealth        | |  1.1

Action                     |  1- 3 |  4- 6 || total
---------------------------+-------+-------++-------
   Fire: Shortbow          |    75 |    81 ||   156
    Use: Scroll            |     2 |     2 ||     4
         Potion            |     2 |       ||     2
 Armour: Leather armour    |     9 |     9 ||    18
         Ring mail         |       |    15 ||    15
  Dodge: Dodged            |    14 |    39 ||    53

Table legend:
 A = Non-vault XP
 B = Vault XP
 C = Vault XP percentage of total XP
 D = Non-vault monster count
 E = Vault monster count
 F = Vault count percentage of total count
                 A         B        C        D         E       F
            +---------+---------+-------+---------+---------+-------
      Total |     214 |       3 |   1.4 |      40 |       2 |   4.8
            +---------+---------+-------+---------+---------+-------
        D:1 |      36 |       0 |   0.0 |      22 |       0 |   0.0
        D:2 |     114 |       3 |   2.6 |      11 |       2 |  15.4
        D:3 |      64 |       0 |   0.0 |       7 |       0 |   0.0
            +---------+---------+-------+---------+---------+-------
